 Dungeon Sprint DCSS version 0.30.1-4-g462c640d31 (webtiles) character file.

Game seed: 15833803849755306937

9847 Heoruswealwe the Imperceptible (level 11, 0/48 HPs)
             Began as a Spriggan Artificer on Aug 29, 2023.
             Was an Initiate of Gozag.
             Slain by a demonic crawler (12 damage)
             ... in the Dungeon (Sprint I: "Red Sonja").
             The game lasted 00:17:37 (948 turns).

Heoruswealwe the Imperceptible (Spriggan Artificer)  Turns: 948, Time: 00:17:38

Health: 0/48       AC:  7    Str: 11    XL:     11   Next: 28%
Magic:  21/21      EV: 35    Int: 11    God:    Gozag
Gold:   2518       SH:  0    Dex: 24    Spells: 10/10 levels left

rFire   . . .        a - +5 short sword "Dohiapulugh" {heavy, rElec Int-3 Dex+5}
rCold   + . .        (no shield)
rNeg    . . .        t - +2 robe "Nupsoll" {rC+ MP+9 Str+3}
rPois   .            (helmet restricted)
rElec   +            u - +2 cloak {Stlth+}
rCorr   .            (gloves unavailable)
SInv    +            (boots unavailable)
Will    +....        (no amulet) Stlth *+++++++++
                     (no ring)
HPRegen 0.28/turn    (no ring)
MPRegen 0.17/turn

%: no teleportation
@: very quick
A: very small, no large weapons, unfitting armour, see invisible, speed 3
a: Renounce Religion, Potion Petition, Call Merchant, Bribe Branch


You were in the Dungeon.
You worshipped Gozag.
Gozag was most pleased with you.
You visited 1 branch You collected 3515 gold pieces.
You spent 967 gold pieces at shops.
You donated 30 gold pieces to Zin.

Inventory:

Hand Weapons
 a - the +5 short sword "Dohiapulugh" (weapon) {heavy, rElec Int-3 Dex+5}
   (You bought it in a shop in the Dungeon)

   Int:       It affects your intelligence (-3).
   Dex:       It affects your dexterity (+5).
   rElec:     It insulates you from electricity.
 r - the +6 dagger "Xom's Fair Game" {freeze, Fragile Str+3 Int+3}
   (You bought it in a shop in the Dungeon)

   Str:       It affects your strength (+3).
   Int:       It affects your intelligence (+3).
   Fragile:   It will be destroyed if unequipped.
Armour
 c - a +0 robe
 s - a +2 cloak of poison resistance
 t - the +2 robe "Nupsoll" (worn) {rC+ MP+9 Str+3}
   (You bought it in a shop in the Dungeon)

   Str:       It affects your strength (+3).
   rC:        It protects you from cold.
   MP:        It affects your magic capacity (+9).
 u - a +2 cloak of stealth (worn)
 v - the +1 robe of Grace {Rampage rF++ Regen+ Dex-5}
   (You bought it in a shop in the Dungeon)

   Dex:       It affects your dexterity (-5).
   rF:        It greatly protects you from fire.
   Regen:     It increases your rate of health regeneration.
   Rampage:   It bestows one free step when moving towards enemies.
Wands
 b - a wand of flame (6) (quivered)
 d - a wand of charming (11)
 e - a wand of iceblast (1)
 l - a wand of mindburst (5)
Scrolls
 k - a scroll of blinking
 m - a scroll of fear {unknown}
 n - a scroll of fog
 q - a scroll of butterflies
Potions
 f - 4 potions of curing
 g - a potion of heal wounds
 h - a potion of haste
 i - 2 potions of magic
 j - a potion of berserk rage
 p - a potion of might {unknown}


   Skills:
 - Level 0.7 Fighting
 + Level 16.5 Dodging
 * Level 25.9 Stealth
 * Level 22.5 Evocations


You had 10 spell levels left.
You didn't know any spells.
Your spell library was empty.

Dungeon Overview and Level Annotations

Branches:
Dungeon (1/1)

Altars:
Cheibriados
Dithmenos
Elyvilon
Fedhas
Gozag
Hepliaklqana
Kikubaaqudgha
Makhleb
Nemelex Xobeh
Okawaru
Qazlal
Ru
Sif Muna
Trog
Uskayaw
Vehumet
Wu Jian
Xom
Yredelemnul
Zin
The Shining One
Jiyva
Lugonu

Shops:
D [?*(?=*(([[:(:[(!(*[*


Innate Abilities, Weirdness & Mutations

You are very small and have problems with some larger weapons.
You are too small for most types of armour.
You have supernaturally acute eyesight. (SInv)
You cover ground extremely quickly. (Speed+++)


Message History

You now have 2140 gold pieces (gained 36).
There is an open door here.
You now have 2311 gold pieces (gained 171).
You swap places.
There is an open door here.
Things that are here:
a +0 dagger; a +0 robe You now have 2331 gold pieces (gained 20).
You now have 2351 gold pieces (gained 20).
You now have 2407 gold pieces (gained 56).
You now have 2482 gold pieces (gained 75).
There is an open door, spattered with blood here.
You now have 2518 gold pieces (gained 36).
You open the door.
Found a scroll labelled OGIEC IDWA and 11 gold pieces.
There is an open door here.
m - a scroll labelled OGIEC IDWA The demonic crawler is no longer charmed.
The demonic crawler completely misses you. x2
The demonic crawler hits you!
You see here 11 gold pieces.
You hit the demonic crawler.
The demonic crawler is lightly wounded.
The demonic crawler misses you. The demonic crawler hits you.
The demonic crawler barely misses you. The demonic crawler closely misses you.
The demonic crawler misses you.
The demonic crawler completely misses you.
Aiming: Mindburst
Press: ? - help, Shift-Dir - straight line, f - demonic crawler
Aim: a demonic crawler (chance to affect: 83%)
The demonic crawler barely resists.
The demonic crawler closely misses you.
The demonic crawler completely misses you. x2
Aiming: Mindburst
Press: ? - help, Shift-Dir - straight line, f/p - demonic crawler
Aim: a demonic crawler (chance to affect: 83%)
The demonic crawler's mind is blasted!!
The demonic crawler hits you!
* * * LOW HITPOINT WARNING * * *
The demonic crawler hits you!
You die...
Your body crumbles into a pile of gold.

###################**************
.)'..#__#..')..#@.#,$$,+,,,,,,+,$
..#..'..'.)#...##s#$****,,,,,**$,
####'#__####...'..#$*,***,,,*****
...#)####§.#####..+$*+*$***+*,,$*
.)##)#§§§.)#..##+##**,,$*,*,**$$$
#'#_.+§§§§.+..#,,,,,*,,$***,,***$
'..._#§§~§§#..#,,,,,+,,$$$**,*,*$
#_.#'##+#####'###,,,*,,,,,*,,***$
##'#.#....###.+.#,,,***++**,**,,$


You could see a demonic crawler.

Vanquished Creatures
  2 centaur warriors (D)
  Sonja (D)
  A deep troll (D)
  8 shining eyes (D)
  An oklob plant (D)
  3 demonic crawlers (D)
  2 unseen horrors (D)
  2 kobold demonologists (D)
  A hornet (D)
  A slime creature (D)
  Sigmund (D)
  A yak (D)
  2 redbacks (D)
  6 floating eyes (D)
  An ogre (D)
  7 necrophages (D)
  8 jellies (D)
  Ijyb (D)
  A ballistomycete spore (D)
50 creatures vanquished.

Vanquished Creatures (others)
  A ballistomycete spore (D)
1 creature vanquished.

Grand Total: 51 creatures vanquished

Notes
Turn   | Place    | Note
-------+----------+-------------------------------------------
     0 | D        | Heoruswealwe the Spriggan Artificer began the quest for the
                  | Orb.
     0 | D        | Reached XP level 1. HP: 9/9 MP: 2/2
     1 | D        | Noticed Ijyb
     3 | D        | Killed Ijyb
     4 | D        | Reached skill level 5 in Stealth
     4 | D        | Reached XP level 2. HP: 14/14 MP: 3/3
    11 | D        | Noticed an ogre
    24 | D        | Killed an ogre
    25 | D        | Reached skill level 9 in Stealth
    25 | D        | Reached XP level 3. HP: 17/17 MP: 4/4
    25 | D        | Reached XP level 4. HP: 21/21 MP: 5/5
    40 | D        | Noticed Sigmund
    42 | D        | Killed Sigmund
    43 | D        | Reached skill level 12 in Stealth
    43 | D        | Reached XP level 5. HP: 25/25 MP: 6/6
    43 | D        | Reached XP level 6. HP: 29/29 MP: 7/7
    56 | D        | Found an ornate altar of the Wu Jian Council.
    56 | D        | Found a shimmering blue altar of Sif Muna.
    59 | D        | Found a radiant altar of Vehumet.
    99 | D        | Found Winwomew's Antique Weapon Emporium.
    99 | D        | Found an ancient bone altar of Kikubaaqudgha.
    99 | D        | Found a hazy altar of Hepliaklqana.
    99 | D        | Found a stormy altar of Qazlal.
    99 | D        | Found a hide-covered altar of Uskayaw.
    99 | D        | Found a blossoming altar of Fedhas.
    99 | D        | Found a bloodstained altar of Trog.
    99 | D        | Found an iron altar of Okawaru.
    99 | D        | Found a basalt altar of Yredelemnul.
    99 | D        | Found a glowing golden altar of the Shining One.
    99 | D        | Found a snail-covered altar of Cheibriados.
    99 | D        | Found a sacrificial altar of Ru.
    99 | D        | Found a glowing silver altar of Zin.
    99 | D        | Found a shadowy altar of Dithmenos.
    99 | D        | Found a white marble altar of Elyvilon.
    99 | D        | Noticed a yak
   100 | D        | Found an opulent altar of Gozag.
   103 | D        | Killed a yak
   104 | D        | Reached skill level 14 in Stealth
   106 | D        | Found a sparkling altar of Nemelex Xobeh.
   111 | D        | Became a worshipper of Zin the Law-Giver
   111 | D        | Reached * piety under Zin
   111 | D        | Reached ** piety under Zin
   111 | D        | Reached *** piety under Zin
   111 | D        | Reached **** piety under Zin
   111 | D        | Reached ***** piety under Zin
   111 | D        | Reached ****** piety under Zin
   114 | D        | Bought a shimmering short sword for 232 gold pieces
   114 | D        | Identified the +5 short sword "Dohiapulugh" {heavy, rElec
                  | Int-3 Dex+5} (You bought it in a shop in the Dungeon)
   125 | D        | Noticed Sonja
   128 | D        | Killed Sonja
   129 | D        | Reached skill level 10 in Dodging
   129 | D        | Reached skill level 16 in Stealth
   129 | D        | Reached XP level 7. HP: 32/32 MP: 8/8
   144 | D        | Found Fouger's Armour Boutique.
   154 | D        | Noticed a shining eye
   154 | D        | Noticed a shining eye
   154 | D        | Noticed a shining eye
   154 | D        | Noticed a shining eye
   154 | D        | Noticed a shining eye
   154 | D        | Noticed a shining eye
   157 | D        | Reached skill level 17 in Stealth
   157 | D        | Reached XP level 8. HP: 37/37 MP: 9/9
   159 | D        | Reached skill level 15 in Evocations
   174 | D        | Killed a shining eye
   175 | D        | Reached skill level 18 in Stealth
   189 | D        | Killed a shining eye
   190 | D        | Reached skill level 19 in Stealth
   190 | D        | Reached XP level 9. HP: 40/40 MP: 10/10
   202 | D        | Killed a shining eye
   208 | D        | Killed a shining eye
   209 | D        | Reached skill level 20 in Stealth
   222 | D        | Killed a shining eye
   223 | D        | Reached skill level 21 in Stealth
   232 | D        | Killed a shining eye
   235 | D        | Noticed a shining eye
   235 | D        | Noticed a shining eye
   240 | D        | Paralysed by a floating eye for 4 turns
   248 | D        | Killed a shining eye
   249 | D        | Reached skill level 22 in Stealth
   249 | D        | Reached XP level 10. HP: 44/44 MP: 11/11
   254 | D        | Killed a shining eye
   258 | D        | Found Liudilax's Magic Scroll Shoppe.
   258 | D        | Found Miaxyph's Magic Scroll Shop.
   258 | D        | Found Udghus's General Store.
   258 | D        | Found Yfuklum's Jewellery Boutique.
   303 | D        | Fell from the grace of Zin
   303 | D        | Became a worshipper of Gozag Ym Sagoz the Greedy
   347 | D        | Noticed a deep troll
   351 | D        | Killed a deep troll
   362 | D        | Found Vedu's Armour Emporium.
   400 | D        | Found a burning altar of Makhleb.
   400 | D        | Found a viscous altar of Jiyva.
   400 | D        | Found a shimmering altar of Xom.
   400 | D        | Found a corrupted altar of Lugonu.
   404 | D        | Reached skill level 23 in Stealth
   426 | D        | Noticed a smoke demon
   571 | D        | Noticed a centaur warrior
   571 | D        | Noticed a centaur warrior
   578 | D        | Killed a centaur warrior
   579 | D        | Reached skill level 15 in Dodging
   579 | D        | Killed a centaur warrior
   580 | D        | Reached skill level 24 in Stealth
   613 | D        | Noticed an oklob plant
   615 | D        | Killed an oklob plant
   651 | D        | Reached XP level 11. HP: 48/48 MP: 12/12
   668 | D        | Reached skill level 25 in Stealth
   755 | D        | Identified the +2 leather armour of Mental Paralysis {Drain
                  | rC+ Regen+ Slay+3}
   758 | D        | Found Nihugres's Antique Weapon Shoppe.
   758 | D        | Found Ysehunk's General Store.
   758 | D        | Found Rauvian's Antique Weapon Boutique.
   764 | D        | Found Byedar's Antique Weapon Boutique.
   764 | D        | Found Fokyn's General Store.
   764 | D        | Found Bemp's General Store.
   766 | D        | Found Lik Vots's Distillery.
   766 | D        | Found Doyp's Antique Weapon Shoppe.
   766 | D        | Found Mighif's Antique Armour Shop.
   766 | D        | Found Guyvuego's Book Emporium.
   766 | D        | Found Lefekaem's Weapon Boutique.
   766 | D        | Found Gefaimic's Book Shoppe.
   766 | D        | Found Zatyty's Antique Armour Shop.
   768 | D        | Bought a scroll of identify for 20 gold pieces
   768 | D        | Bought a scroll of identify for 20 gold pieces
   769 | D        | Bought an ichor-stained dagger for 140 gold pieces
   769 | D        | Identified the +6 dagger "Xom's Fair Game" {freeze, Fragile
                  | Str+3 Int+3} (You bought it in a shop in the Dungeon)
   770 | D        | Found Fompel's Antique Armour Emporium.
   773 | D        | Bought a runed cloak for 135 gold pieces
   773 | D        | Bought a distressingly furry robe for 102 gold pieces
   773 | D        | Identified the +2 robe "Nupsoll" {rC+ MP+9 Str+3} (You
                  | bought it in a shop in the Dungeon)
   773 | D        | Bought a glowing cloak for 135 gold pieces
   777 | D        | Bought a slimy robe for 108 gold pieces
   777 | D        | Identified the +1 robe of Grace {Rampage rF++ Regen+ Dex-5}
                  | (You bought it in a shop in the Dungeon)
   781 | D        | Bought a scroll of magic mapping for 75 gold pieces
   948 | D        | Slain by a demonic crawler

Illustrated notes

Levels and vault maps discovered:
D:        dungeon_sprint_1 [red_sonja_temple_1, red_sonja_temple_small_1]

Skill      XL: |  1  2  3  4  5  6  7  8  9 10 11 |
---------------+----------------------------------+-----
Dodging        | 4 6 7 10 12 14 15 16 | 16.5
Stealth        | 5 9 12 16 17 19 22 24 25 | 25.9
Evocations     | 6 8 11 14 16 19 21 22 | 22.5
Fighting       | |  0.7

Action                     |  1- 3 |  4- 6 |  7- 9 | 10-12 || total
---------------------------+-------+-------+-------+-------++-------
  Melee: Short sword       |       |       |    77 |    35 ||   112
         Punch             |       |       |     3 |       ||     3
  Evoke: Wand              |     7 |     6 |       |    23 ||    36
    Use: Scroll            |       |       |       |     4 ||     4
   Stab: Sleeping          |       |       |     2 |    22 ||    24
 Armour: Robe              |       |       |       |     2 ||     2
  Dodge: Dodged            |     1 |     2 |       |    71 ||    74
